 Dungeon Crawl Stone Soup version 0.17-a0-1718-g72dbe4d (webtiles) character file.

74197 kae the Fencer (level 15, -25/139 HPs)
             Began as a Minotaur Fighter on Aug 25, 2015.
             Was the Champion of Qazlal.
             Killed from afar by Nikola (30 damage)
             ... with a chain lightning
             ... on level 1 of the Elven Halls.
             The game lasted 00:50:34 (29464 turns).

kae the Fencer (Minotaur Fighter)                  Turns: 29464, Time: 00:50:34

Health: -25/139    AC:  3    Str: 24    XL:     15   Next: 6%
Magic:  0/20       EV: 13    Int:  7    God:    Qazlal [******]
Gold:   1308       SH:  8    Dex: 11    Spells: 0 memorised, 14 levels left

rFire  . . .     SeeInvis .     (weapon currently unavailable)
rCold  . . .     Clarity  .     (armour currently unavailable)
rNeg   . . .     SustAt   .     (shield currently unavailable)
rPois  .         Gourm    .     (helmet currently unavailable)
rElec  .         Spirit   +     (cloak currently unavailable)
rCorr  .         Warding  .     (gloves currently unavailable)
rMut   .         Stasis   .     (boots currently unavailable)
MR     +....                    m - amulet of guardian spirit
Stlth  +.........               (ring currently unavailable)
                                (ring currently unavailable)

@: pig-form, protected from physical damage, repel missiles, very quick,
somewhat resistant to hostile enchantments, very unstealthy
A: (retaliatory headbutt), (horns 0), (icy blue scales 0), (yellow scales 0),
(fire resistance 0), low mp 1, (poison resistance)
a: Upheaval, Elemental Force, Disaster Area, Renounce Religion


You were on level 1 of the Elven Halls.
You worshipped Qazlal.
Qazlal was exalted by your worship.
You were not hungry.
You were a filthy swine.
You visited 5 branches of the dungeon, and saw 24 of its levels.
You visited 1 bazaar.

You collected 2941 gold pieces.
You spent 1633 gold pieces at shops.

Inventory:

Hand weapons
 b - a +1 great sword of slicing (melded)
 q - a +0 double sword
Armour
 D - a +0 cloak (melded)
 F - a +2 plate armour of positive energy (melded)
 H - a +0 pair of gloves (melded)
 L - a +2 hat (melded)
 N - a +0 pair of boots of running (melded)
 P - the +1 plate armour "Jisun Jicodd" {-Tele +Inv rF+++ Str-5}
   (You bought it in a shop on level 4 of the Orcish Mines)

   It affects your strength (-5).
   It renders you almost immune to fire.
   It lets you turn invisible.
   It prevents most forms of teleportation.
Jewellery
 m - an amulet of guardian spirit (around neck)
 t - an uncursed ring of protection from magic
 w - a +2 ring of protection
 C - an uncursed ring of protection from cold
 G - a +4 ring of dexterity
 K - an uncursed ring of flight
 M - an uncursed ring of see invisible
 S - a ring of positive energy (melded)
 V - a ring of the Octopus King (melded) {rC+ AC+1 EV+1 Str+1 Int+1 Dex+1}
   (You found it on level 4 of the Lair of Beasts)

   [ring of protection from cold]

   It affects your AC (+1).
   It affects your evasion (+1).
   It affects your strength (+1).
   It affects your intelligence (+1).
   It affects your dexterity (+1).
   It protects you from cold.
Magical devices
 d - a wand of frost (11)
 e - a wand of teleportation (7)
 r - a wand of digging (18)
 u - a wand of teleportation (4)
 E - a wand of disintegration (9)
 J - a wand of random effects (18)
 Q - a wand of fireball (9)
Scrolls
 a - 3 scrolls of magic mapping
 f - 15 scrolls of identify
 h - 3 scrolls of recharging
 n - 2 scrolls of fear
 v - 8 scrolls of remove curse
 y - 3 scrolls of fog
 O - 6 scrolls of teleportation
Potions
 c - a potion of berserk rage
 g - 7 potions of curing
 j - 2 potions of ambrosia
 k - 4 potions of flight
 l - a potion of invisibility
 o - 2 potions of mutation
 p - a potion of brilliance
 s - 7 potions of haste
 x - a potion of resistance
 z - a potion of degeneration
 T - a potion of cure mutation
Books
 I - a book of the Tempests

   Spells                             Type                      Level
   a - Static Discharge               Conjuration/Air              3
   b - Lightning Bolt                 Conjuration/Air              5
   c - Fireball                       Conjuration/Fire             5
   d - Tornado                        Air                          9
   e - Shatter                        Earth                        9
Comestibles
 i - a fruit
 A - a bread ration
 B - 9 meat rations
 R - a chunk of flesh


   Skills:
 + Level 14.6 Fighting
 - Level 19.0 Long Blades
 + Level 14.4 Armour
   Level 3.6 Shields
 - Level 12.0 Invocations


You had 14 spell levels left.
You didn't know any spells.

Dungeon Overview and Level Annotations

Branches:
Dungeon (10/15)            Temple (1/1) D:4            Lair (8/8) D:8
 Shoals (0/4) Lair:6        Snake (0/4) Lair:5        Slime (0/6) Lair:7
    Orc (4/4) D:10            Elf (1/3) Orc:3

Altars:
Ashenzari
Cheibriados
Dithmenos
Elyvilon
Fedhas
Gozag
Kikubaaqudgha
Makhleb
Nemelex Xobeh
Okawaru
Qazlal
Ru
Sif Muna
Trog
Vehumet
Xom
Yredelemnul
Zin
The Shining One
Beogh
Jiyva

Shops:
D:6 (   Orc:2 ([[==   Orc:3 [   Orc:4 (}*((**=[

Annotations:
Lair:5 exclusion: oklob plant
Elf:1 Kirke, Nikola


Innate Abilities, Weirdness & Mutations

((You reflexively headbutt those who attack you in melee.))
((You have a pair of horns on your head.))
((You are partially covered in icy blue scales (AC +1).))
((You are partially covered in yellow scales (AC +2).))
((Your flesh is heat resistant.))
Your magical capacity is low (-10% MP).
((Your system is resistant to poisons.))


Message History

There is an open door, spattered with blood here.
Items here: ( )) [ a shortbow; an uncursed scimitar; 5 arrows of frost; a leather armour Nikola the Mad Inventor comes into view.
He is wielding a rapier of electrocution.
Drink which item? (? for menu, Esc to quit)
You feel better.
You feel yourself speed up.
Nikola gestures wildly while chanting.
You hear a mighty clap of thunder!
The lightning arc arcs out of your line of sight!
You hear a mighty clap of thunder!
The lightning arc suddenly appears!
The lightning arc hits Nikola.
Nikola completely resists.
The lightning arc hits you!
* * * LOW HITPOINT WARNING * * *
The lightning arc hits Nikola.
Nikola resists.
The lightning arc arcs out of your line of sight!
You hear a mighty clap of thunder!
The lightning arc suddenly appears!
The lightning arc hits Nikola.
Nikola resists.
The lightning arc hits you!
You die...

#.....#..#..#...#..
#.....#..#..#...#..
+.....#..#..#...#..
#.k§..#..#..#...#..
#...e.# +.§#####..
#e§§..# #rsrs÷(... #
#k@...# #§s)§§....
###..#)#####..#e@#######
......§§h§§.@..#re
.......§.......#..
.###..#######..#r. #..
.#.. +.. #.. #. #.. ..


You could see Nikola, a lindwurm and a deep elf summoner.

Vanquished Creatures
  Agnes (Elf:1)
  Maud (Lair:6)
  2 orc warlords
  Snorg (Lair:4)
  6 hydras
  2 catoblepae
  A deep troll shaman (Lair:8)
  7 death yaks
  2 orc high priests
  Urug (Orc:3)
  6 deep elf knights (Elf:1)
  3 deep elf summoners (Elf:1)
  5 deep elf conjurers (Elf:1)
  2 orc sorcerers (Orc:4)
  2 orc knights
  2 griffons
  14 elephants
  3 black mambas
  A torpor snail (Lair:7)
  10 spiny frogs
  3 fire drakes
  12 komodo dragons
  3 trolls
  A deep elf priest (Elf:1)
  A polar bear (Lair:8)
  17 blink frogs
  Prince Ribbit (D:8)
  2 two-headed ogres
  A trapdoor spider zombie (D:10)
  A snapping turtle (Lair:6)
  6 wyverns
  A wraith (D:10)
  2 basilisks
  44 yaks
  3 hungry ghosts
  8 deep elf magi (Elf:1)
  7 hogs (Elf:1)
  Grum (D:8)
  13 deep elf fighters (Elf:1)
  4 wargs
  5 hippogriffs
  A naga (Lair:5)
  13 porcupines
  24 wolves
  9 water moccasins
  29 orc warriors
  3 ice beasts
  2 phantoms
  A black bear (D:9)
  A centaur (D:9)
  3 necrophages
  6 ogres
  17 crocodiles
  2 big kobolds (D:8)
  19 giant frogs
  A gnoll sergeant (D:9)
  2 scorpions
  7 crimson imps
  2 electric eels
  A centaur zombie (D:9)
  8 hounds
  A giant frog zombie (D:6)
  8 iguanas
  A gnoll shaman (D:6)
  25 orc priests
  26 orc wizards
  Natasha (thrice) (D:4)
  8 worker ants
  19 sheep
  A hound zombie (D:7)
  A hound skeleton (D:8)
  15 adders
  32 river rats
  11 gnolls
  2 shadow imps
  An adder zombie (D:5)
  An ooze (D:6)
  3 worms
  5 giant geckos
  159 orcs
  6 bats
  9 giant cockroaches
  2 gnoll zombies (D:8)
  7 hobgoblins
  6 jackals (D:4)
  5 quokkas
  A giant gecko skeleton (D:4)
  2 giant newts (D:1)
  5 goblins
  19 kobolds
  8 rats
  2 bushes (Lair:5)
  70 fungi
  56 plants
879 creatures vanquished.

Vanquished Creatures (others)
  A deep elf summoner (Elf:1)
  13 fungi
  10 plants
24 creatures vanquished.

Grand Total: 903 creatures vanquished

Notes
Turn   | Place    | Note
--------------------------------------------------------------
     0 | D:1      | kae the Minotaur Fighter began the quest for the Orb.
     0 | D:1      | Reached XP level 1. HP: 19/19 MP: 0/0
   180 | D:1      | Reached XP level 2. HP: 26/26 MP: 1/1
   750 | D:2      | Reached skill level 4 in Long Blades
   750 | D:2      | Reached XP level 3. HP: 22/31 MP: 2/2
  1060 | D:2      | Found an ancient bone altar of Kikubaaqudgha.
  1100 | D:2      | Reached skill level 5 in Long Blades
  1401 | D:2      | Reached XP level 4. HP: 39/39 MP: 3/3
  1626 | D:3      | Found a sacrificial altar of Ru.
  1685 | D:3      | Reached skill level 6 in Long Blades
  1685 | D:3      | Reached XP level 5. HP: 27/45 MP: 4/4
  1932 | D:3      | Found a faded altar to an unknown god.
  2294 | D:4      | Found a staircase to the Ecumenical Temple.
  2370 | D:4      | Found a shadowy altar of Dithmenos.
  2416 | Temple   | Entered the Ecumenical Temple
  2480 | Temple   | Became a worshipper of Qazlal Stormbringer
  2511 | D:4      | Noticed Natasha
  2523 | D:4      | Killed Natasha
  2523 | D:4      | Reached skill level 7 in Long Blades
  2920 | D:4      | Found a burning altar of Makhleb.
  2957 | D:4      | Noticed Natasha
  2966 | D:4      | Killed Natasha
  3032 | D:4      | Noticed Natasha
  3039 | D:4      | Killed Natasha
  3161 | D:4      | Reached XP level 6. HP: 47/51 MP: 5/5
  3582 | D:5      | Entered Level 5 of the Dungeon
  3694 | D:5      | Reached skill level 8 in Long Blades
  3732 | D:5      | Found a deep blue altar of Sif Muna.
  3806 | D:5      | Reached skill level 9 in Long Blades
  3993 | D:5      | Found a white marble altar of Elyvilon.
  4199 | D:5      | Acquired Qazlal's first power
  4199 | D:5      | Reached XP level 7. HP: 21/57 MP: 6/6
  4543 | D:5      | Reached skill level 10 in Long Blades
  4890 | D:6      | Found Aciggoit's Antique Weapon Shop.
  4898 | D:6      | Bought a glowing great sword for 182 gold pieces
  4989 | D:6      | Noticed Prince Ribbit
  5320 | D:6      | Reached skill level 11 in Long Blades
  5327 | D:6      | Reached XP level 8. HP: 37/64 MP: 5/7
  5494 | D:6      | Found a blossoming altar of Fedhas.
  5839 | D:6      | Reached skill level 12 in Long Blades
  5934 | D:6      | Found a snail-covered altar of Cheibriados.
  6475 | D:6      | Acquired Qazlal's second power
  6619 | D:7      | Reached skill level 13 in Long Blades
  6710 | D:7      | Reached XP level 9. HP: 60/70 MP: 8/8
  6716 | D:7      | Found an opulent altar of Gozag.
  6734 | D:7      | Found a bloodstained altar of Trog.
  7088 | D:8      | Found a staircase to the Lair.
  7100 | D:8      | Reached skill level 14 in Long Blades
  7179 | D:8      | Noticed a fire drake
  7188 | D:8      | Killed a fire drake
  7619 | D:8      | Found a basalt altar of Yredelemnul.
  7719 | D:8      | Noticed Grum
  7724 | D:8      | Reached skill level 15 in Long Blades
  7734 | D:8      | Killed Grum
  8081 | D:8      | Killed Prince Ribbit
  8404 | Lair:1   | Entered Level 1 of the Lair of Beasts
  8444 | Lair:1   | Reached skill level 16 in Long Blades
  8456 | Lair:1   | Reached XP level 10. HP: 52/79 MP: 5/9
  8488 | Lair:1   | Acquired Qazlal's third power
  8897 | Lair:1   | Reached skill level 5 in Fighting
  8900 | Lair:1   | Reached skill level 5 in Armour
 10271 | Lair:2   | Reached XP level 11. HP: 77/95 MP: 8/10
 11023 | Lair:2   | Reached skill level 10 in Fighting
 11023 | Lair:2   | Reached skill level 10 in Armour
 11341 | Lair:2   | Acquired Qazlal's fourth power
 12642 | Lair:3   | Reached XP level 12. HP: 89/112 MP: 9/11
 13139 | Lair:4   | Noticed Snorg
 13415 | Lair:3   | Gained mutation: You are partially covered in yellow scales (AC +2). [potion of mutation]
 13415 | Lair:3   | Gained mutation: Your magical capacity is low (-10% MP). [potion of mutation]
 13415 | Lair:3   | Gained mutation: You evolve. [potion of mutation]
 13423 | Lair:4   | Killed Snorg
 13640 | Lair:4   | Got a ring of the Octopus King
 14376 | Lair:5   | Acquired Qazlal's fifth power
 14732 | Lair:5   | Found a staircase to the Snake Pit.
 14762 | Lair:5   | Noticed a four-headed hydra
 14770 | Lair:5   | Killed a seven-headed hydra
 14909 | Lair:5   | Gained mutation: Your system is resistant to poisons. [evolution]
 15054 | Lair:5   | Noticed a four-headed hydra
 15066 | Lair:5   | Killed a seven-headed hydra
 15152 | Lair:5   | Noticed a five-headed hydra
 15280 | Lair:5   | Killed a nine-headed hydra
 16860 | Lair:6   | Noticed a seven-headed hydra
 16876 | Lair:5   | Reached skill level 1 in Invocations
 17513 | Lair:5   | Killed a nine-headed hydra
 17513 | Lair:5   | Reached XP level 13. HP: 91/124 MP: 8/13
 17750 | Lair:6   | Noticed Maud
 17762 | Lair:6   | Killed Maud
 17762 | Lair:6   | Reached skill level 5 in Invocations
 18903 | Lair:6   | Found a radiant altar of Vehumet.
 19278 | Lair:6   | Found a staircase to the Shoals.
 19538 | Lair:6   | Identified a ring of the Octopus King {rC+ AC+1 EV+1 Str+1 Int+1 Dex+1} (You found it on level 4 of the Lair of Beasts)
 19780 | Lair:7   | Found a viscous altar of Jiyva.
 19780 | Lair:7   | Found a staircase to the Slime Pits.
 20656 | Lair:1   | Gained mutation: Your flesh is heat resistant. [evolution]
 20846 | Lair:8   | Entered Level 8 of the Lair of Beasts
 20914 | Lair:8   | Reached skill level 10 in Invocations
 21716 | Lair:8   | Reached XP level 14. HP: 132/132 MP: 19/19
 22078 | Lair:8   | Identified the Guide on Fascination
 22900 | D:9      | Found a glowing silver altar of Zin.
 22900 | D:9      | Noticed an angel
 22903 | D:9      | Found a shimmering altar of Xom.
 23311 | D:10     | Entered Level 10 of the Dungeon
 23760 | D:10     | Found a staircase to the Orcish Mines.
 23795 | D:10     | Gained mutation: You are partially covered in icy blue scales (AC +1). [evolution]
 23795 | D:10     | Lost mutation: You evolve. [end of evolution]
 23915 | Orc:1    | Entered Level 1 of the Orcish Mines
 24329 | Orc:2    | Found Opexanag's Jewellery Shop.
 24329 | Orc:2    | Noticed an orc warlord
 24473 | Orc:1    | Killed an orc warlord
 24833 | Orc:2    | Found Coysulul's Jewellery Boutique.
 24853 | Orc:2    | Bought a cursed amulet of inaccuracy for 30 gold pieces
 25114 | Orc:3    | Found a radiant altar of Vehumet.
 25224 | Orc:3    | Found Maelousm's Antique Armour Boutique.
 25364 | Orc:3    | Bought a glowing hat for 100 gold pieces
 25474 | Orc:4    | Entered Level 4 of the Orcish Mines
 25491 | Orc:4    | Found Oxalom's Gadget Emporium.
 25494 | Orc:4    | Reached skill level 17 in Long Blades
 25537 | Orc:4    | Found Casalaet's General Store.
 25571 | Orc:3    | Found a staircase to the Elven Halls.
 25821 | Orc:2    | Found Japatwot's Antique Armour Shoppe.
 25822 | Orc:2    | Found Baavey's Antique Armour Shop.
 25825 | Orc:2    | Found Tuezicoa's Antique Weapon Shop.
 25843 | Orc:2    | Bought a glowing plate armour for 483 gold pieces
 25863 | Orc:2    | Bought a pair of embroidered boots for 85 gold pieces
 26029 | Orc:2    | Found a burning altar of Makhleb.
 26330 | Orc:4    | Found Zadais's Weapon Shop.
 26521 | Orc:4    | Found Eskeovemn's Weapon Emporium.
 26554 | Orc:4    | Noticed Urug
 26554 | Orc:4    | Noticed an orc warlord
 26601 | Orc:3    | Killed Urug
 27608 | Orc:4    | Found a roughly hewn altar of Beogh.
 27659 | Orc:4    | Found Nemic's General Store.
 28007 | Orc:4    | Killed an orc warlord
 28007 | Orc:4    | Reached skill level 18 in Long Blades
 28264 | Orc:4    | Found Guob's Antique Weapon Shoppe.
 28285 | Orc:4    | Found Pachoty's Antique Armour Shoppe.
 28301 | Orc:4    | Bought a distressingly furry plate armour for 700 gold pieces
 28320 | Orc:4    | Bought a scroll of magic mapping for 45 gold pieces
 28372 | Orc:4    | Found Omiseaf's General Store.
 28409 | Orc:4    | Found Hejacw's Jewellery Shoppe.
 28531 | Orc:4    | Identified a +0 pair of boots of running (You bought it in a shop on level 2 of the Orcish Mines)
 28551 | Orc:4    | Identified the +1 plate armour "Jisun Jicodd" {-Tele +Inv rF+++ Str-5} (You bought it in a shop on level 4 of the Orcish Mines)
 28584 | Elf:1    | Entered Level 1 of the Elven Halls
 28910 | Elf:1    | Reached skill level 19 in Long Blades
 28960 | Elf:1    | Found a flickering gateway to a bazaar.
 28978 | Bazaar   | Entered a bazaar
 28992 | Bazaar   | Found Nepnul's Distillery.
 28996 | Bazaar   | Bought a potion of degeneration for 8 gold pieces
 29023 | Bazaar   | Found Qestyfis's Distillery.
 29048 | Bazaar   | Found Bewuaw's Gadget Emporium.
 29142 | Bazaar   | Found Woqee's Gadget Emporium.
 29285 | Elf:1    | Noticed Agnes
 29296 | Elf:1    | Killed Agnes
 29296 | Elf:1    | Reached XP level 15. HP: 81/139 MP: 12/20
 29312 | Elf:1    | Noticed Kirke
 29464 | Elf:1    | Noticed Nikola
 29464 | Elf:1    | HP: 5/139 [Nikola/chain lightning (27)]
 29464 | Elf:1    | Killed from afar by Nikola

Vault maps used:
D:1:      lightli_iron_boxes, moated_statue
D:2:      kiku_gazebo_pond_becter, kennysheep_generic_room_2
D:3:      nicolae_overflow_crystal_walls, ecumenical_altar_1, first_bread
D:4:      lightli_temple_of_fire, nicolae_dithmenos_through_a_glass_darkly,
          minmay_temple_entry_overgrown, serial_bayou_pond_a, uniq_natasha
D:5:      lemuel_round_altar, gup_sewer_entry_glass, st_stairs_3,
          minmay_misc_feat_rows, elyvilon_altar_4
D:6:      grunt_temple_overflow_open, serial_shops, shop, uniq_prince_ribbit1
D:7:      old_standard_altar, lemuel_doored_altar
D:8:      lemuel_zombie_altar_yredelemnul, minmay_lair_entry_lava, uniq_grum
D:9:      minmay_weird_star, grunt_temple_overflow_order_and_chaos_1
D:10:     orc_0_dummy
Temple:   circular_temple_6
Lair:1:   serial_bayou_lagoon_a
Lair:2:   beast_lair_carwin_large_2, grunt_megastairs_2
Lair:4:   nicolae_volcano_entry_lava_flow, serial_bayou_pond_c,
          serial_bayou_shore_b, grunt_megastairs_1, uniq_snorg
Lair:5:   guppyfry_snake_entry_island, minmay_lair_oklob_bushes,
          lemuel_fruit_tree
Lair:6:   minmay_shoals_entry_hut, basic_altar, beast_lair_carwin_8, uniq_maud
Lair:7:   slime_altar_1, infiniplex_staircase_pool_2, serial_bayou_shore_b
Lair:8:   grunt_lair_end_beastmaster, grunt_forest_large_clearings,
          serial_bayou_shore_b
Orc:2:    serial_shops, shop, shop, nicolae_shop_waterfront, shop_coins,
          shop_statue, david_defended_altar_orc
Orc:3:    basic_altar, serial_shops, shop, nicolae_orc_pool_cavern
Orc:4:    grunt_orc_cross, serial_shops, nicolae_shop_waterfront,
          nicolae_shop_statue_plus, shop_coins, shop, shop_statue
Elf:1:    eino_elf_arrival_customs, serial_shops, bzr_entry_lakeside,
          uniq_roxanne, uniq_nikola, uniq_agnes, uniq_kirke
Bazaar:   dpeg_bazaar_wands

Action                   |  1- 3 |  4- 6 |  7- 9 | 10-12 | 13-15 || total
-------------------------+-------+-------+-------+-------+-------++-------
Melee: Long sword        |    83 |   180 |    47 |       |       ||   310
       Great sword       |       |       |   216 |   530 |  1028 ||  1774
Invok: Upheaval          |       |       |       |     4 |     1 ||     5
  Use: Potion            |       |     2 |     1 |     8 |     4 ||    15
       Scroll            |       |    11 |     4 |    13 |     4 ||    32
  Eat: Chunk             |     1 |     7 |    14 |    20 |    33 ||    75
       Pizza             |       |     1 |     1 |       |       ||     2
       Bread ration      |       |       |       |     2 |       ||     2
       Fruit             |       |       |       |     2 |     5 ||     7
       Royal jelly       |       |       |       |       |     1 ||     1
